[Event "Saint Louis Rapid & Blitz 2022"]
[Site "Chess.com"]
[Date "2022.08.26"]
[Round "2"]
[White "Nakamura, Hikaru"]
[Black "Firouzja, Alireza"]
[Result "0-1"]
[WhiteElo "2768"]
[BlackElo "2778"]
[ECO "A14"]
[EventDate "2022.??.??"]
[Annotator "Rafael Leitão"]
[PlyCount "98"]
[Beauty "7012205211144"]
[EventType "blitz"]
[TimeControl "600+5"]

1.Nf3 d5 2.e3 Nf6 3.c4 e6 4.b3 {This is usually Nakamura's weapon of choice in blitz and rapid events.} 4...Be7 5.Bb2 O-O 6.g3 $5 {A funny move, as we are usually told that you should not combine e3 and g3 in the opening. But, to be honest, it does not make a huge difference in the evaluation of the position. Of course White can play more pragmatically with moves like 6.c3 or 6.Be2. Duda even tried the crazy 6.Rg1 followed by 7.g4 in a rapid event this year. Not something you should do, unless you are 2700+ and want to have fun in a dubious position.} ( 6.Be2 ) ( 6.Rg1 $6 ) ( 6.Nc3 ) 6...b6 7.Bg2 Bb7 8.O-O c5 9.Qe2 Qc8 ( 9...Nc6 {is more popular, but Firouzja's plan is good, too. He wants to play …Rd8 next.} ) 10.Nc3 Rd8 11.Rac1 Nc6 12.d3 {Since the central exchange gives White no advantage, Nakamura decides to play this restrained move. But now Black can simplify the position.} 12...d4 $1 13.exd4 Nxd4 14.Nxd4 Bxg2 ( 14...cxd4 {is bad due to the tactical} 15.Nd5 $1 ) 15.Kxg2 cxd4 ( 15...Rxd4 {Taking with the rook is also perfectly possible. The position is equal after} 16.Ne4 ( 16.Nd5 $2 Qb7 $1 {wins material.} ) ( 16.f4 {followed by 17. Rf3 is a more combative plan.} ) 16...Rd7 17.Rfd1 Qc6 18.Qf3 {with equality.} ) 16.Nb1 $5 {An interesting winning attempt, preparing Nd2-f3.} ( 16.Ne4 {is good enough for equal play and a probable draw.} ) 16...Qb7+ ( 16...Bc5 17.Nd2 Re8 $1 {followed by …e5 is the computer's favorite plan. Black is slightly better in this case.} ) 17.Kg1 h5 $5 {An interesting plan to prevent Nd2-f3.} 18.Nd2 h4 19.gxh4 {I don't know what to say about this move. Probably it would not even cross the minds of most chess players. But, of course, Nakamura is special, and that's why he wins so many times in these positions, although his play backfires in this game.} ( 19.Nf3 $2 h3 $1 {is the point of Black's h-pawn advance.} ) ( 19.Qf3 {is the natural move. I guess Nakamura didn't want to exchange queens.} 19...Qxf3 20.Nxf3 hxg3 21.hxg3 Bc5 {with a roughly equal endgame.} ) 19...Rac8 20.Qf3 $6 {White's position gets very difficult to play after this move since he must find some strange computer moves to stay in the game.} ( 20.Nf3 {is better.} 20...Rc5 $1 ( 20...Nh5 $2 {At first I thought this was good for Black, but actually White is much better after} 21.Ne5 $1 ) 21.Nxd4 {And this position is a complete mess where anything can happen. Take a look at the computer's next moves:} 21...Ra5 $1 22.Bc3 Bb4 $3 {with the traditional 0.00 evaluation.} ) 20...Qa6 $1 {Of course Firouzja is not interested in a queen exchange now.} 21.Kh1 $6 {This seems like a clever move, since taking on a2 is not so good for Black, but it's a mistake.} ( 21.Qe2 Qxa2 22.Nf3 {with a complicated game.} ) ( 21.Rc2 Rc5 22.Bc1 {This is a good move according to the computer. It defends the a2-pawn and brings the bishop back to the game. As I wrote before, not so easy to find.} ) 21...Rc5 $1 ( 21...Qxa2 {is tempting, but after} 22.Rc2 $1 Qa5 23.Ra1 {the a7-pawn falls.} ) 22.Rg1 Rf5 23.Qg2 Nh5 24.a3 Bxh4 25.Rcf1 g6 {Black's pawn structure is much better.} 26.Ne4 Be7 ( 26...b5 $1 {It's more precise to play the typical pawn break immediately.} ) 27.Ng3 $1 {Now Nakamura manages to improve his position.} 27...Nxg3+ 28.fxg3 b5 $1 {Black is still better since it's not easy to protect white's queenside.} 29.g4 $1 Rxf1 30.Rxf1 bxc4 31.bxc4 ( 31.Qf3 $5 Rf8 32.bxc4 ) 31...e5 32.Bc1 Rb8 $1 ( 32...Bxa3 33.Bg5 {gives some counterplay.} ) 33.Qf3 $2 ( 33.Kg1 $1 {This prophylactic move was necessary to avoid the queen exchange we will see in the game.} ) 33...Qb7 $1 {Now it's impossible to defend the weaknesses on the queenside.} 34.Kg2 Qxf3+ 35.Kxf3 Rb1 36.Ke2 f5 $5 ( 36...Ra1 {is also enough to win.} ) 37.gxf5 gxf5 38.Kd2 Bxa3 ( 38...f4 39.Kc2 Ra1 $19 ) 39.c5 $1 {As we all know, Nakamura is incredibly resourceful. He manages to create problems even in seemingly hopeless positions.} 39...Bxc5 $2 {This throws away the win. Truth be said, this is a tricky endgame to play, especially in time trouble.} ( 39...Bxc1+ 40.Rxc1 Rxc1 $4 {Of course it's not possible to go for this endgame since White's pawns are faster.} 41.Kxc1 Kf7 42.c6 Ke6 43.h4 $18 ) ( 39...Kf7 $1 {This accurate move is the right way. Black manages to control the advance of White's passed pawns.} 40.Rxf5+ ( 40.c6 Ke6 41.Kc2 Ra1 42.h4 Bd6 $1 43.h5 Ra6 {and the rook is in time.} ) ( 40.h4 f4 $1 41.c6 Bd6 $1 {followed by Rb6.} ) 40...Ke6 41.Rf1 Bxc5 42.Kc2 Ra1 {with a winning position.} ) 40.Rxf5 Bd6 41.Kc2 Rb7 42.h4 ( 42.Bd2 {is probably more accurate.} ) 42...Rc7+ 43.Kd1 $2 {This loses.} ( 43.Kb1 {is forced. The point is} 43...Rc3 44.Rf3 e4 45.Rf6 $1 Be7 46.Re6 $1 {with a miracle escape.} ) 43...Rc3 44.Rf6 $1 {The last rick.} 44...Ba3 $2 {Now it's a draw again $1} ( 44...Bf8 $1 {It's always easy to find these when the engine is on.} 45.Rf3 a5 $1 ( 45...e4 $2 46.Rg3+ Kf7 47.Bb2 {is a draw.} ) 46.Bd2 Ra3 $1 {and the a-pawn should decide the game.} ) 45.Bg5 $2 ( 45.Bd2 $1 {Nakamura had to find this study-like move.} 45...Rxd3 46.Kc2 Rh3 47.Re6 $1 {Now White gets a draw because Black won't be able to defend the pawns.} ) 45...Rxd3+ {Now it's really over.} 46.Ke2 Rh3 47.Rg6+ Kf7 48.Rf6+ Kg7 49.Kf2 Be7 0-1

[Event "Saint Louis Rapid & Blitz 2022"]
[Site "Chess.com"]
[Date "2022.08.27"]
[Round "4"]
[White "Nepomniachtchi, Ian"]
[Black "Mamedyarov, Shakhriyar"]
[Result "1-0"]
[WhiteElo "2792"]
[BlackElo "2758"]
[ECO "E11"]
[EventDate "2022.??.??"]
[Annotator "Rafael Leitão"]
[PlyCount "77"]
[Beauty "7770669590061"]
[EventType "blitz"]
[TimeControl "600+5"]

1.d4 Nf6 2.c4 e6 3.Nf3 d5 4.g3 {The Catalan has become a powerful weapon for Nepomniachtchi. After all the work he had to do in order to play it with Black in the match against Carlsen, no wonder he decided to try it with the other color.} 4...Bb4+ {This check is one of the most reliable options for Black.} 5.Bd2 Be7 6.Bg2 O-O 7.O-O Nbd7 {The point is that the bishop is not well placed on d2 in the lines where Black refrains from taking on c4. With the bishop on c1, White can play b3-Bb2 or Qc2-Nbd2, plans that are not available now.} 8.Qc2 c6 9.h4 $5 {This incredible idea is only White's 16th most popular choice in this position $1 This shows that it's still possible to find fresh ideas even in the most studied openings. But what's the idea of this mysterious move $2 From what I understand, the reasoning is this: 9.Nc3 is premature because Black can take the c4-pawn and then defend it with b7-b5. That's why White makes an useful move and intends to answer 9...b6 (the most natural move) with 10.Nc3. If Black captures the c4-pawn and plays b6-b5 in this case, then White has an extra tempo and the pawn is quite useful on h4.} ( 9.Nc3 dxc4 10.e4 b5 {and Black is ok.} ) 9...b6 10.Nc3 {This is the point. The pawn is useful on h4 in case Black now decides to take on c4.} 10...Ba6 ( 10...Bb7 {is a bit passive, but also playable.} 11.e4 dxe4 ( 11...Nxe4 12.Nxe4 dxe4 13.Qxe4 Nf6 14.Qe2 {is slightly better for White.} ) 12.Ng5 $5 ( 12.Nxe4 c5 $1 {equalizes.} ) 12...c5 13.d5 $1 exd5 14.cxd5 Nxd5 15.Nxd5 Bxd5 16.Rad1 {with compensation for the pawn.} ) ( 10...dxc4 11.e4 b5 {This is still unclear, but the h4-pawn helps the attack.} ) 11.cxd5 cxd5 12.Rfc1 Bb7 $146 {A new move.} ( 12...Qb8 {was tried before,} ) 13.Bf4 Rc8 14.Qb3 a6 15.a4 $1 {Preventing the typical move b5 that gives Black more space on the queenside.} 15...h6 {A useful move, giving some air to the king and taking the g5-square from the white pieces.} 16.e3 {This is a very difficult move to play, but this pawn on e3 will be very helpful for White in a few moves. The problem is that the f4-bishop doesn't have many squares now; it must be ready to be sacrificed in some variations.} ( 16.Rc2 {Is a normal move, but it's not enough for an advantage. Black can try 16...Nh5 or even 16...Nb8 followed by 19...Nc6.} 16...Nb8 $5 ( 16...Nh5 17.Bd2 Rc4 ) ) ( 16.Na2 $5 {Is interesting, planning either Nb4 or the exchange of rooks on the c-file followed by Rc1.} ) 16...Nh5 $6 {It's curious that all moves with this knight are possible and good. Actually this one is my least favorite. The capture on f4 helps White because after he takes with the e-pawn, he gets more space and a clear plan of action.} ( 16...Ne4 {is the most natural. A possible line is:} 17.Nxe4 dxe4 18.Ne5 g5 ( 18...Bd5 {is also good.} ) 19.hxg5 hxg5 20.Rxc8 Qxc8 21.Qd1 $1 gxf4 22.Qg4+ {and the game ends in perpetual check.} ) ( 16...Nh7 {is strange but interesting. The idea is to give some primitive support to the advance g7-g5 and simply try to capture the bishop.} 17.Bh3 $1 {is necessary in order to keep an eye on the e6-pawn.} 17...g5 18.hxg5 hxg5 19.Be5 {with a complicated position.} ) ( 16...Ne8 {This move prepares both the g5 advance and also Nd6, improving the knight's position.} 17.Qd1 $1 {A necessary retreat to avoid 17.. .g5.} 17...Nd6 ( 17...g5 $2 18.hxg5 hxg5 19.Nxg5 $1 Bxg5 20.Qg4 f6 21.Qxe6+ {with a big advantage for White.} ) 18.Rc2 {with chances for both sides.} ) 17.Bh3 ( 17.Qd1 {This move immediately is more accurate, avoiding 17...g5.} 17...g5 $2 18.hxg5 hxg5 19.Nxg5 $1 Bxg5 20.Qxh5 ) 17...Rc4 $6 ( 17...g5 $1 {is a better try.} 18.hxg5 hxg5 19.Be5 Ng7 $1 {Black brings the knight back, defends e6, and prepares f7-f6. In order to save the bishop, White must either capture the knight or play 20.g4. I think Black is fine in both cases.} ( 19...f6 $2 {But not this greedy move.} 20.Bxe6+ Kg7 21.Bxd5 Bxd5 22.Nxd5 Rxc1+ 23.Rxc1 fxe5 24.Nc7 {and White wins.} ) ) 18.Qd1 $1 {Now g5 is avoided because the h5-knight is hanging.} 18...Nxf4 19.exf4 {The pawn structure is now favorable for White. Black has no pawn breaks and is suffocated without an active plan.} 19...Bd6 20.Bf1 $1 {Improving the bishop.} 20...Rc7 21.Bd3 Nf6 22.Qe2 Qa8 23.Ne5 Rfc8 24.f3 {A solid move, taking the e4-square from Black's knight. White's is plan is to attack on the kingside with g4-g5 and so on. Black is helpless against this plan and should seek some desperate counterplay. Notice the awkward placement of the queen on a8, far away from the action. This piece would be much better placed on e7.} 24...h5 25.Qe3 Bb4 26.Rc2 {Nepomniachtchi plays very carefully, reinforcing the position before going for the attack.} 26...g6 ( 26...a5 {with the idea of playing Ba6 is probably the last chance.} ) 27.Rac1 Kg7 28.Bxg6 $1 {A flashy move, well in Nepomniachtchi's style. He has great feeling for the initiative. Both 28.g4 and even 28.f5 are also good.} ( 28.g4 ) ( 28.f5 $5 exf5 29.g4 {and the computer indicates that the attack is winning, but no human plays like this.} ) 28...fxg6 29.Qd3 Ne4 {This is forced. The attack is just too strong if the queen captures the g6-pawn, for instance:} ( 29...Kh8 30.Qxg6 Rf8 31.Ne4 {There are other winning moves.} 31...Rg7 ( 31...Rxc2 32.Nxf6 Rxc1+ 33.Kg2 Rc2+ 34.Kh3 {and White mates.} ) 32.Qh6+ Rh7 33.Ng6+ Kg8 34.Nxf6+ Rxf6 35.Qg5 Qd8 ( 35...Rff7 36.Rc7 $18 ) 36.Ne7+ Kf7 37.Ng8 $1 {A nice final touch.} 37...Qxg8 38.Rc7+ $18 ) 30.fxe4 dxe4 31.Qe3 {Now the material balance is restored, but the attack continues. White is ready for f5 or g4, the e5-knight is a monster, and Black's queen is still out of place on a8.} 31...Bd5 32.g4 {A matter of taste. 32. f5 and 32.Nxd5 also wins.} ( 32.f5 exf5 33.Nxd5 Rxc2 34.Rxc2 Rxc2 35.Nxb4 $18 ) ( 32.Nxd5 Rxc2 33.Rxc2 exd5 ( 33...Rxc2 34.Nxb4 Rxb2 35.Qc1 $1 Rxb4 36.Qc7+ Kh8 37.Qf7 $18 ) 34.Rf2 {followed by f5 and an easy win.} ) 32...hxg4 33.Rg2 $1 Kh7 34.Rxg4 Rg8 35.Kh2 Qc8 36.f5 $1 {The final breakthrough.} 36...gxf5 ( 36...exf5 37.Nxd5 Rxc1 38.Nf6+ {wins.} ) 37.Rxg8 Kxg8 38.Qg5+ Rg7 ( 38...Kf8 39.Qf6+ Ke8 40.Rg1 {and the attack is decisive.} ) 39.Nxd5 $1 {A nice conclusion to a well-played game. Nepomniachtchi is in great form.} ( 39.Nxd5 Qxc1 40.Qd8+ ) 1-0

[Event "Saint Louis Rapid & Blitz 2022"]
[Site "Chess.com"]
[Date "2022.08.29"]
[Round "11"]
[White "Nakamura, Hikaru"]
[Black "Aronian, Levon"]
[Result "1-0"]
[WhiteElo "2768"]
[BlackElo "2775"]
[ECO "A06"]
[EventDate "2022.??.??"]
[Annotator "Rafael Leitão"]
[PlyCount "65"]
[Beauty "8179094172729"]
[EventType "blitz"]
[TimeControl "180+2"]

1.Nf3 d5 2.e3 {Nakamura is faithful to his blitz repertoire.} 2...c5 3.b3 Nc6 4.Bb5 {This is a Nimzo-Indian played with White. These variations where you play a popular position with colors reversed are always confusing. It's usually difficult to know how good it is to have an extra move. The computer is not impressed with this setup for White, but this is a blitz game so what the computer thinks about the opening is not so important.} 4...f6 $1 {The best move, according to the computer (even though I just wrote that what the machine thinks is not so important in a blitz game).} 5.c4 d4 6.b4 $5 {Tension builds pretty fast in this game. White tries to break the pawn chain, but for that it's necessary to move the b-pawn again.} 6...e5 $1 ( 6...dxe3 {is too greedy. White has excellent compensation for the pawn after} 7.fxe3 cxb4 8.d4 ) 7.bxc5 {Nakamura decides to break the chain immediately.} ( 7.O-O $5 e4 8.Ne1 {leads to a complicated game.} ) 7...Bxc5 8.exd4 Bxd4 $1 {The right move to fight for an advantage.} ( 8...exd4 {is just equal after} 9.O-O Ne7 ) 9.Nxd4 Qxd4 10.O-O $5 {Provoking Aronian into taking the a1-rook. This time he correctly resists.} ( 10.Nc3 Ne7 {is slightly better for Black due to the better pawn structure.} ) 10...Nh6 ( 10...Ne7 {is a more natural and better development.} ) ( 10...Qxa1 $2 {is bad since the queen is trapped.} 11.Nc3 Ne7 12.Qh5+ g6 13.Qf3 O-O 14.Ba3 Qxf1+ 15.Kxf1 {and the queen is stronger that the two rooks. White is winning.} ) 11.Ba3 $1 Qxa1 $2 {Oscar Wilde once wrote: \"I can resist anything except temptation.\" It looks like the temptation to take the rook was just too much for Aronian, but this move costs the game.} ( 11...Bf5 12.Nc3 Kf7 $1 {leads to a double-edged position. The knight is badly placed on h6, but Black's pawn structure is better.} ) 12.Bxc6+ bxc6 13.Qh5+ $1 Kd8 ( 13...g6 14.Qxh6 ) ( 13...Nf7 14.Nc3 {doesn't change much.} ) 14.Nc3 Qxf1+ 15.Kxf1 {Unbalanced positions are very hard to evaluate, especially in a blitz game. Usually two rooks are better than a queen, so it might seem surprising that the computer evaluates this as totally winning for White. The key here is Black's exposed king and the presence of opposite-colored bishops, something that favors the attacking side considerably. White just needs to open the king's position and gather the pieces around him. Nakamura manages this very swiftly.} 15...Bg4 16.Qh4 Bf5 17.Kg1 Bg6 18.f4 $1 {Opening the position. Black's pieces lack coordination.} 18...Nf5 19.Qf2 Nd4 20.fxe5 fxe5 21.Qh4+ Kc8 22.Qe7 {It's all over after this queen invasion.} 22...Re8 23.Qxg7 Nf5 24.Qf6 Kb7 25.Ne4 Rad8 26.g4 $1 Nd4 27.Qg7+ Kc8 28.Nd6+ Rxd6 29.Bxd6 Ne6 30.Qxa7 Rd8 31.c5 Be4 32.a4 Bd5 33.a5 1-0

[Event "Saint Louis Rapid & Blitz 2022"]
[Site "Chess.com"]
[Date "2022.08.30"]
[Round "27"]
[White "Firouzja, Alireza"]
[Black "Dominguez Perez, Leinier"]
[Result "1-0"]
[WhiteElo "2778"]
[BlackElo "2754"]
[ECO "A36"]
[EventDate "2022.??.??"]
[Annotator "Rafael Leitão"]
[PlyCount "73"]
[Beauty "7908112471603"]
[EventType "blitz"]
[TimeControl "180+2"]

1.c4 {Firouzja achieved an insane score playing the English Opening in the blitz part of the tournament.} 1...c5 2.g3 g6 3.Bg2 Bg7 4.Nc3 Nc6 5.d3 d6 6.Qd2 {This move looks funny, but it's typical in this line. White wants to develop with b3 followed by Bb2.} 6...e6 {All types of development are possible here: …e6-Nge7, …e5-Nge7 or simply …Nf6. All roads lead to equality, but in a blitz game that doesn't matter so much.} ( 6...e5 ) ( 6...Nf6 ) 7.b3 Nge7 8.Bb2 O-O 9.Nf3 d5 $1 {White's opening system is somewhat passive and this central push, even though the d-pawn is moved for the second time, fights for the initiative. Other plans are possible as well.} ( 9...b6 10.O-O Bb7 ) ( 9...a6 10.O-O Rb8 ) 10.O-O $6 {Black is already better after this move. Since White's b2-bishop will be out of play in the coming moves, it's better to exchange it right now with} ( 10.Na4 $1 {The position is equal after} 10...Bxb2 11.Qxb2 ) 10...d4 $1 11.Na4 b6 $15 {Both the b2-bishop and the a4-knight are misplaced. Black has a clear plan with …Bb7,...e5 and so on.} 12.e3 e5 13.exd4 exd4 14.a3 a5 {Black is understandably worried with the b4-push, since this gives White counterplay. But after} ( 14...Bb7 15.b4 Qd7 $1 {The knight loses its protection. If now} 16.bxc5 $2 Nd8 $1 17.Qc2 $6 Bc6 {Black wins a piece.} ) 15.Rfe1 Rb8 16.Bc1 $1 {A very good plan, especially for blitz, where it's useful if you have a clear path of action. Firouzja wants to play Qd1 followed by Ra2-e2 and improve his pieces.} 16...h6 17.Qd1 $6 ( 17.h4 $1 {It's important to avoid Black's next move.} ) 17...g5 $1 {Gaining space, taking the f4-square from the bishop and giving an extra square for the knight on g6. Yes, it weakens the king a little. But there is always a price to pay, although it seems to be a small one for all the benefits.} 18.Ra2 Bd7 $6 ( 18...Qd6 $1 {is better, bringing the queen to the action before developing the bishop.} 19.h4 f6 $1 {and Black is fine because the sacrifices on g5 are not dangerous with the queen nearby.} ) 19.h4 $1 g4 ( 19...f6 {Now the sacrifices are very dangerous to meet. White can choose to sacrifice the bishop or the knight.} 20.hxg5 fxg5 21.Bxg5 $1 ( 21.Nxg5 hxg5 22.Bxg5 {also gives some compensation.} ) 21...hxg5 22.Nxg5 {and the computer gives the classic 0.00 (equal) evaluation, but in a blitz game anything can happen. I would prefer to play with the white pieces.} ) 20.Nh2 h5 21.f3 $2 ( 21.Bf4 $1 {is better.} ) 21...Ne5 $2 ( 21...Be5 $1 {gives Black a nearly winning positional advantage. White will be forced to play f3-f4 and his pieces are very poorly placed.} 22.Nf1 ( 22.fxg4 Bxg3 $19 ) 22...Qc7 {and White has to play the sad 23.f4, giving Black a much better pawn structure and more active pieces.} ) 22.fxg4 hxg4 ( 22...Nxg4 23.Nxg4 Bxg4 24.Bf3 $14 ) ( 22...Bxg4 {is better.} 23.Nxg4 Nxg4 {with equal chances.} ) 23.Rae2 ( 23.Rxe5 $1 {White gets some chances to execute the exchange sacrifice before it's finally played in the game.} 23...Bxe5 24.Nxg4 {with good compensation.} ) 23...f6 24.Re4 ( 24.Rxe5 $5 {Again this is interesting.} 24...fxe5 25.Nxg4 Bc6 $1 26.Nh6+ Kh8 27.Qh5 Qe8 $1 {and Black is able to maintain equality.} ) 24...Bc6 $2 {Now Firouzja gets to play the best possible version of the exchange sacrifice.} ( 24...Qc8 $1 {defending the g4-pawn is necessary. But this is a very difficult move to play in a blitz game.} ) 25.Nxg4 $1 {Here it goes. What a delicious move to play $1} 25...Bxe4 26.Rxe4 {White has excellent compensation for the exchange, with a pawn, the light squares and attacking chances.} 26...Nxg4 27.Rxg4 f5 28.Rg5 Rf6 29.Bf4 Rc8 30.Be5 {Firouzja's play is effortless. His moves are natural and good.} 30...Rg6 31.Bd5+ Kf8 ( 31...Nxd5 32.Rxg6 $18 ) 32.Qh5 $1 Bxe5 ( 32...Rxg5 33.Qf7# ) 33.Rxg6 Nxg6 34.Qxg6 Qc7 35.Nxb6 Rd8 36.Qg8+ Ke7 37.Qf7+ {A great game to crown a monumental performance by Firouzja.} 1-0